 Dungeon Crawl Stone Soup version 0.29.1-13-g9f3cf754e1 (webtiles) character file.

Game seed: 11837925130251765854

10 Ayven the Ruffian (level 2, -1/23 HPs)
             Began as a Draconian Transmuter on Feb 9, 2023.
             Frozen to death by an endoplasm (3 damage)
             ... on level 2 of the Dungeon.
             The game lasted 00:00:45 (401 turns).

Ayven the Ruffian (Draconian Transmuter)             Turns: 401, Time: 00:00:51

Health: -1/23      AC:  4    Str: 12    XL:     2   Next: 10%
Magic:  5/5        EV: 12    Int: 13    God:
Gold:   16         SH:  0    Dex: 11    Spells: 4/5 levels left

rFire   . . .      SeeInvis .     - Unarmed
rCold   . . .      Faith    .   (no shield)
rNeg    . . .      Spirit   .   (body armour unavailable)
rPois   .          Reflect  .   (helmet currently unavailable)
rElec   .          Harm     .   (no cloak)
rCorr   .          Rampage  .   (no gloves)
Will    .....                   (boots currently unavailable)
Stlth   +.........              (no amulet)
HPRegen 0.07/turn               (no ring)
MPRegen 0.09/turn               (no ring)

@: appendages (expiring)
A: horns 2, talons 2, AC +4, unfitting armour, cold-blooded
a: End Transformation


You were on level 2 of the Dungeon.
You had temporarily grown beastly horns and talons.
You visited 1 branch of the dungeon, and saw 2 of its levels.

You collected 16 gold pieces.

Inventory:

Potions
 a - a potion of lignification
 b - a potion of curing {unknown}


   Skills:
 + Level 1.1 Fighting
 + Level 1.9 Dodging
 + Level 3.3 Unarmed Combat
 + Level 2.1 Spellcasting
 + Level 2.0 Transmutations


You had 4 spell levels left.
You knew the following spells:

 Your Spells              Type           Power      Damage    Failure   Level
a - Beastly Appendage     Tmut           12%        N/A       11%         1

Your spell library contained the following spells:

 Spells                   Type           Power      Damage    Failure   Level
 Wereblood                Tmut           6%         N/A       16%         2
 Spider Form              Tmut/Pois      4%         N/A       43%         3
 Ice Form                 Ice/Tmut       4%         N/A       85%         4


Dungeon Overview and Level Annotations

Branches:
Dungeon (2/15)

Altars:


Innate Abilities, Weirdness & Mutations

You have temporarily grown beastly horns and talons.
Your plain brown scales are hard. (AC +4)
You cannot fit into any form of body armour.
You are cold-blooded and may be slowed by cold attacks.


Message History

The endoplasm hits you but does no damage.
You hit the jackal but do no damage. You claw the jackal.
The jackal is heavily wounded.
Your transformation is almost over.
The jackal barely misses you. The jackal closely misses you.
The jackal bites you.
The jackal bites you but does no damage.
The endoplasm completely misses you.
You hit the jackal.
You kill the jackal!
You feel yourself speed up. The jackal misses you.
The endoplasm closely misses you. The jackal barely misses you.
A rat comes into view.
The endoplasm hits you but does no damage.
The rat bites you but does no damage.
You hit the rat.
You kill the rat!
The jackal barely misses you.
You closely miss the jackal. The jackal closely misses you.
The endoplasm freezes you.
You are frozen.
You feel yourself slow down. The jackal barely misses you.
The jackal closely misses you.
You hit the jackal. Your kick misses the jackal.
The jackal is moderately wounded.
The jackal bites you. x2; The endoplasm misses you.
The jackal bites you.
The rat twitches its whiskers.
The endoplasm freezes you.
You are frozen.
* * * LOW HITPOINT WARNING * * *
The jackal closely misses you.
You can't go up here!
You hit the jackal. Your headbutt misses the jackal.
The jackal is severely wounded.
You feel yourself speed up.
The jackal bites you but does no damage.
The jackal barely misses you. The endoplasm freezes you.
You are frozen.
You die...

♣♣♣ ♣..
♣♣♣♣..♣
.....
♣...♣
.rK♣♣♣♣
♣♣♣♣hJ.).♣
♣..h@♣
♣...♣♣♣♣
... .


You could see an endoplasm, 2 jackals, a kobold and a rat.

Vanquished Creatures
  An endoplasm (D:1)
  A hobgoblin (D:1)
  3 jackals
  A bat (D:1)
  2 kobolds (D:1)
  2 rats
10 creatures vanquished.

Notes
Turn   | Place    | Note
-------+----------+-------------------------------------------
     0 | D:1      | Ayven the Draconian Transmuter began the quest for the Orb.
     0 | D:1      | Reached XP level 1. HP: 16/16 MP: 3/3
   306 | D:1      | Reached XP level 2. HP: 19/23 MP: 3/5
   401 | D:2      | Frozen to death by an endoplasm

Illustrated notes

Levels and vault maps discovered:
D:1:      dpeg_arrival_houses_and_road, layout_basic,
          dilly_ecumenical_altar_fadedgnrine
D:2:      kb_forest_paths, layout_basic, serial_shops, shop_coins,
          nicolae_shop_trees, dk_noncrumbling_2

Action                   || total
-------------------------++-------
Melee: Unarmed           ||    25
       Kick              ||     2
       Headbutt          ||     1
 Cast: Beastly Appendage ||     4
Armor: Skin              ||    11
Dodge: Dodged            ||    26
